Map: [ESL] Tropical Sacrifice

Players

herO - Winner!

  • Race: Protoss Protoss
  • Spawn Location: 1:00

Bunny

  • Race: Terran Terran
  • Spawn Location: 7:00

Event: DreamHack SC2 Masters 2022 Atlanta (Offline)

VOD

Have the link to the VOD?

Description

Time

  • Played on: Nov. 20, 2022, 6:06 p.m.
  • Length: 9:37

All games in this series

Show
View Real Time Build Order
Export as new Build Order

herO Protoss - Winner!

Build Orders: 1 Gate Expand, Blink Stalkers 

Get SALT Encoding   

  12  0:00  Probe  
  13  0:12  Probe  
  14  0:18  Pylon  
  14  0:24  Probe  
  15  0:37  Gateway  
  15  0:38  Probe (Chrono Boost)  
  16  0:44  Assimilator  
  16  0:49  Probe (Chrono Boost)  
  17  0:54  Probe (Chrono Boost)  
  18  1:04  Probe  
  19  1:16  Probe  
  20  1:24  Cybernetics Core  
  20  1:35  Nexus  
  20  1:42  Pylon  
  20  1:44  Probe  
  21  1:52  Assimilator  
  21  1:56  Probe  
  21  1:58  Adept (Chrono Boost)  
  24  2:02  Warp Gate  
  24  2:08  Probe  
  25  2:18  Adept (Chrono Boost)  
  25  2:21  Probe  
  28  2:31  Shield Battery  
  28  2:33  Probe  
  29  2:40  Stalker  
  31  2:46  Twilight Council  
  31  2:47  Probe  
  31  2:50  Probe  
  33  3:01  Probe  
  33  3:02  Probe  
  35  3:10  Stalker  
  37  3:14  Probe x2  
  37  3:15  Blink (Chrono Boost)  
  39  3:30  Probe x2  
  41  3:35  Robotics Facility  
  41  3:43  Gateway  
  41  3:46  Probe  
  41  3:47  Probe  
  43  3:54  Stalker  
  45  3:57  Pylon  
  45  4:01  Probe  
  46  4:06  Pylon  
  46  4:09  Assimilator  
  46  4:11  Assimilator  
  46  4:15  Probe (Chrono Boost)  
  46  4:16  Probe (Chrono Boost)  
  48  4:18  Pylon  
  48  4:20  Stalker  
  48  4:23  Observer  
  51  4:27  Probe (Chrono Boost)  
  53  4:33  Probe (Chrono Boost)  
  53  4:35  Probe (Chrono Boost)  
  54  4:39  Probe  
  54  4:43  Stalker  
  54  4:44  Immortal  
  54  4:45  Probe  
  62  4:54  Robotics Bay  
  62  4:58  Forge  
  62  5:01  Forge  
  62  5:02  Probe  
  63  5:11  Shield Battery  
  63  5:13  Stalker  
  63  5:14  Stalker  
  64  5:21  Immortal (Chrono Boost)  
  68  5:37  Stalker  
  68  5:39  Pylon  
  68  5:40  Pylon  
  70  5:46  Pylon  
  70  5:47  Pylon  
  70  5:51  Gateway  
  70  5:55  Disruptor (Chrono Boost)  
  70  6:01  Stalker x2  
  77  6:07  Gateway  
  77  6:08  Charge  
  77  6:18  Gateway  
  77  6:20  Disruptor (Chrono Boost)  
  80  6:34  Stalker x2  
  84  6:44  Protoss Ground Weapons Level 1 (Chrono Boost), Protoss Ground Armor Level 1 (Chrono Boost)  
  84  6:48  Gateway  
  84  6:49  Stalker  
  84  6:51  Pylon x2  
  86  6:54  Disruptor  
  89  7:07  Stalker x3  
  91  7:10  Probe x2  
  88  7:23  Probe  
  88  7:24  Probe  
  88  7:30  Disruptor  
  91  7:37  Probe x2  
  91  7:38  Zealot x4  
  91  7:40  Zealot  
  103  7:48  Pylon  
  103  7:58  Nexus  
  103  8:04  Colossus (Chrono Boost)  
  99  8:22  Probe  
  99  8:23  Probe  
  99  8:27  Shield Battery, Sentry x2  
  101  8:28  Sentry  
  101  8:34  Zealot x3  
  113  8:38  Probe x2  
  113  8:48  Colossus (Chrono Boost)  
  117  8:56  Probe x2  
  117  9:00  Pylon  
Show
View Real Time Build Order
Export as new Build Order

Bunny Terran 

Build Orders: Reaper Expand 

Get SALT Encoding   

  12  0:00  SCV  
  13  0:12  SCV  
  14  0:17  Supply Depot  
  14  0:24  SCV  
  15  0:39  SCV  
  15  0:41  Barracks  
  16  0:44  Refinery  
  16  0:51  SCV  
  17  1:03  SCV  
  18  1:15  SCV  
  19  1:28  Orbital Command  
  19  1:29  Reaper  
  20  1:42  Command Center  
  20  1:53  Supply Depot  
  20  1:58  Bunker  
  20  2:01  SCV  
  20  2:03  Barracks Reactor  
  21  2:13  SCV  
  22  2:21  Factory  
  22  2:25  SCV  
  22  2:28  Bunker  
  23  2:34  Refinery  
  23  2:38  SCV  
  23  2:41  Marine x2  
  26  2:50  SCV  
  27  2:58  Marine x2, Orbital Command  
  27  3:02  SCV  
  30  3:09  Factory Tech Lab  
  30  3:14  SCV  
  30  3:17  Starport  
  30  3:18  Marine  
  32  3:22  Marine  
  32  3:27  Siege Tank  
  32  3:29  SCV  
  32  3:30  SCV  
  36  3:37  Supply Depot, Marine  
  36  3:40  Marine  
  38  3:41  SCV  
  38  3:42  SCV  
  40  3:53  Medivac  
  40  3:55  Marine  
  42  3:58  Marine  
  42  3:59  SCV  
  42  4:00  Supply Depot, SCV  
  46  4:07  Siege Tank  
  49  4:13  Marine  
  49  4:16  Marine  
  51  4:17  Barracks  
  51  4:19  SCV x2  
  53  4:26  Supply Depot  
  53  4:31  Marine  
  54  4:35  Liberator  
  54  4:36  SCV  
  54  4:37  SCV  
  59  4:39  Refinery  
  59  4:41  Marine  
  60  4:49  Engineering Bay, Refinery  
  59  4:54  SCV x2  
  59  4:55  Marine  
  59  4:58  Supply Depot  
  62  5:05  Siege Tank  
  65  5:10  SCV  
  65  5:11  SCV  
  65  5:13  Marine x2  
  68  5:21  Liberator  
  69  5:31  Marine x2  
  69  5:34  SCV x2  
  71  5:37  Supply Depot  
  71  5:43  Siege Tank  
  71  5:48  Bunker  
  71  5:49  Marine x2  
  76  5:55  Bunker  
  75  5:58  SCV x2  
  77  6:07  Marine x2  
  78  6:12  Starport Tech Lab  
  78  6:20  Siege Tank  
  78  6:25  Marine x2  
  83  6:26  Barracks Tech Lab  
  83  6:29  Barracks  
  76  6:42  Raven, Marine  
  76  6:43  Marine  
  76  6:45  Terran Infantry Weapons Level 1  
  76  6:46  Marine  
  76  6:47  Refinery  
  76  6:49  SCV x2  
  78  6:54  Siege Tank  
  78  7:00  Marine x2  
  80  7:04  Marine  
  80  7:06  Stimpack  
  68  7:18  Marine  
  68  7:19  SCV x2  
  65  7:24  Marauder  
  65  7:27  Marine  
  67  7:36  Marauder, Marine  
  69  7:37  Starport Reactor  
  69  7:39  SCV x2  
  69  7:43  Supply Depot  
  73  7:47  Marauder, Combat Shield  
  73  7:50  Marine  
  74  7:54  SCV x2, Marine  
  74  7:56  Factory Reactor  
  77  8:00  Supply Depot, Marauder  
  79  8:08  Marine  
  79  8:11  Marine  
  75  8:17  Medivac x2  
  59  8:23  Marauder  
  58  8:30  Marauder, Marine x2  
  57  8:37  Widow Mine x2  
  56  8:47  Marauder  
  36  8:50  Marine x2  
  30  9:02  Marauder  
Tags
 
Add a new tag
Caveats
  • Supply blocks, unpowered buildings, or Contaminate may cause inaccurate times.
  • Supply counts are checked every 10 seconds.